 Dungeon Crawl Stone Soup version 0.29.0-15-g675c0067aa (webtiles) character file.

Game seed: 5387890471987379099

90844 qw the Severer (level 16, -14/101 HPs)
             Began as a Gargoyle Fighter on Sept 12, 2022.
             Was a High Priest of Okawaru.
             Demolished by a naga warrior
             ... wielding a +0 war axe
              (19 damage)
             ... on level 1 of the Snake Pit.
             The game lasted 00:11:04 (26568 turns).

qw the Severer (Gargoyle Fighter)                  Turns: 26568, Time: 00:11:04

Health: -14/101    AC: 45    Str: 31    XL:     16   Next: 1%
Magic:  22/23      EV: 11    Int:  7    God:    Okawaru [*****.]
Gold:   1603       SH: 19    Dex: 15    Spells: 15/15 levels left

rFire   + . .      SeeInvis .   Y - +3 broad axe (chaos)
rCold   + . .      Faith    .   k - +0 tower shield
rNeg    + + .      Spirit   .   m - +0 plate armour {rC+}
rPois   inf        Reflect  .   o - +2 helmet
rElec   +          Harm     .   e - +2 cloak {Stlth+}
rCorr   +          Rampage  .   g - +4 pair of gloves "Wiuhuhah" {+Blink rF+ rN+ rCorr Int-5}
Will    +....                   w - +1 pair of boots
Stlth   ..........              (no amulet)
HPRegen 0.26/turn               G - +6 ring of dexterity
MPRegen 0.18/turn               u - +6 ring of strength

@: about to teleport, heroic, flying
A: sickness immunity, AC +12, big wings, negative energy resistance 1,
electricity resistance, torment resistance 1, petrification resistance, sense
surroundings 1
a: Renounce Religion, Evoke Blink, Heroism, Finesse, Duel


You were on level 1 of the Snake Pit.
You worshipped Okawaru.
Okawaru was extremely pleased with you.
You visited 5 branches of the dungeon, and saw 24 of its levels.
You also visited: Gauntlet.

You collected 3328 gold pieces.
You spent 1725 gold pieces at shops.


Innate Abilities, Weirdness & Mutations

You are immune to sickness and miasma.
Your stone body is resilient. (AC +12)
You are immune to poison.
Your large and strong wings let you fly.
You resist negative energy. (rN+)
You are resistant to electric shocks. (rElec)
You are resistant to unholy torment.
You are immune to petrification.
You passively map a small area around you.


   Skills:
 - Level 12.0(17.0) Fighting
 - Level 16.7(21.7) Axes
 - Level 7.0(12.0) Throwing
 - Level 12.0(17.0) Armour
 - Level 4.0(9.0) Dodging
 + Level 11.3(16.3) Shields
 - Level 10.0 Invocations


You had 15 spell levels left.
You didn't know any spells.
Your spell library was empty.

Inventory:

Hand Weapons
 l - a +1 demon whip of venom
 Y - a +3 broad axe of chaos (weapon)
Missiles
 t - a silver boomerang
 y - 7 javelins
 B - 11 silver javelins (quivered)
 E - 13 boomerangs
Armour
 c - the -2 buckler of Sunlight {+Inv rN+ rCorr Int-4}
   (You acquired it on level 2 of the Orcish Mines)

   Int:       It affects your intelligence (-4).
   rN:        It protects you from negative energy.
   +Inv:      It lets you turn invisible.
   rCorr:     It protects you from acid and corrosion.
 e - a +2 cloak of stealth (worn)
 g - the +4 pair of gloves "Wiuhuhah" (worn) {+Blink rF+ rN+ rCorr Int-5}
   (You found it on level 2 of the Dungeon)

   Int:       It affects your intelligence (-5).
   rF:        It protects you from fire.
   rN:        It protects you from negative energy.
   +Blink:    It lets you blink.
   rCorr:     It protects you from acid and corrosion.
 h - a +2 plate armour
 k - a +0 tower shield (worn)
 m - a +0 plate armour of cold resistance (worn)
 o - a +2 helmet (worn)
 w - a +1 pair of boots (worn)
 C - a +2 chain mail of fire resistance
 H - the +1 chain mail "Unok" {rCorr}
   (You bought it in a shop on level 2 of the Orcish Mines)

   rCorr:     It protects you from acid and corrosion.
Jewellery
 p - a ring of resist corrosion
 q - a ring of ice
 u - a +6 ring of strength (right hand)
 A - a ring of resist corrosion
 D - the amulet of Evadigg {Faith Harm rC++ Str+2 Stlth+}
   (You took it off a minotaur in a Gauntlet)

   [amulet of faith]

   It allows you to gain divine favour quickly.
   Str:       It affects your strength (+2).
   rC:        It greatly protects you from cold.
   Harm:      It increases damage dealt and taken.
   Stlth:     It makes you more stealthy.
 G - a +6 ring of dexterity (left hand)
Scrolls
 a - 12 scrolls of identify
 i - 9 scrolls of teleportation
 F - a scroll of blinking
Potions
 b - a potion of cancellation
 d - 3 potions of might
 f - 3 potions of attraction
 j - 9 potions of lignification
 n - 4 potions of mutation
 r - 3 potions of haste
 s - 4 potions of magic
 v - a potion of resistance
 x - 4 potions of curing

Dungeon Overview and Level Annotations

Branches:
Dungeon (15/15)            Temple (1/1) D:4            Lair (5/5) D:11
 Shoals (0/4) Lair:3        Snake (1/4) Lair:2        Slime (0/5) Lair:5
    Orc (2/2) D:11            Elf (0/3) Orc:2        Vaults (0/5) D:14
 Depths (0/4) D:15        Gauntlet (visited)

Altars:
Ashenzari
Cheibriados
Dithmenos
Elyvilon
Fedhas
Gozag
Hepliaklqana
Kikubaaqudgha
Makhleb
Nemelex Xobeh
Okawaru
Qazlal
Ru
Sif Muna
Trog
Uskayaw
Vehumet
Wu Jian
Xom
Yredelemnul
Zin
The Shining One

Shops:
D:11 (   D:13 ?   Orc:1 ?   Orc:2 ?[(?[


Message History

The naga warrior roars a battlecry!
The naga warrior goes into a battle-frenzy!
The naga warrior spits poison at you.
The splash of poison hits you but does no damage.
You resist.
You slash the naga warrior!
The naga warrior resists with almost no effort.
The naga warrior is heavily wounded.
You closely miss the naga warrior. The naga warrior spits poison at you.
The splash of poison misses you. You block the naga warrior's attack. x2
You barely miss the naga warrior.
The naga warrior is heavily wounded.
You closely miss the naga warrior.
The naga warrior hits you with a +0 flail of holy wrath.
You block the naga warrior's attack.
The naga warrior hits you with a +0 war axe!
You block the naga warrior's attack.
You barely miss the naga warrior.
The naga warrior is heavily wounded.
You hit the naga warrior but do no damage.
You block the naga warrior's attack. The naga warrior barely misses you.
You slash the naga warrior! You freeze the naga warrior!
The naga warrior is severely wounded.
You slash the naga warrior! You burn the naga warrior.
The naga warrior spits poison at you. The splash of poison misses you.
You block the naga warrior's attack. The naga warrior closely misses you.
The naga warrior blocks your attack.
The naga warrior is severely wounded.
You slash the naga warrior!
The naga warrior flickers and vanishes!
Deactivating autopickup; reactivate with Ctrl-A.
Something hits you! You block something's attack.
The naga warrior hits you with a +0 flail of holy wrath!
You block the naga warrior's attack.
26568 ||| READING 10 scrolls of teleportation.
As you read the scroll of teleportation, it crumbles to dust.
You feel strangely unstable. Something hits you!!
You die...

* * * , , ** , #.
#.## * * ##..#,,
* ##.... ,
#....#** **
#....# ,.*. ,
#..){#### ...,
#..N@##.###.. ,
####....##.# ,
... ##.......#
... , #.....#..#
..# *
###....###.#
..##*
#..........##...#
###.....##.....#
, #.######..####
#.# ##...# * , ,


You could see a naga warrior.

Vanquished Creatures
  Frances (D:13)
  Agnes (D:14)
  An orc warlord (Orc:2)
  A minotaur (Gauntlet)
  A deep elf annihilator (D:13)
  Snorg (Lair:3)
  A blizzard demon (Gauntlet)
  A fire dragon (Lair:5)
  8 hydras
  2 boulder beetles
  An ogre mage (D:15)
  3 catoblepae
  7 centaur warriors
  2 dancing weapons (D:14)
  9 two-headed ogres
  A naga warrior (Snake:1)
  A naga sharpshooter (Snake:1)
  A tengu warrior (D:14)
  Urug (Lair:5)
  3 orc high priests (Orc:2)
  Amaemon (Lair:2)
  4 skeletal warriors (D:15)
  A necromancer (D:15)
  A swamp dragon (Lair:5)
  2 wizards
  6 orc knights
  2 deep elf pyromancers (D:15)
  A deep elf zephyrmancer (D:15)
  A cyclops (D:14)
  9 orc sorcerers
  15 ugly things
  3 manticores
  4 elephants (Lair:4)
  5 black mambas
  9 cane toads
  3 centaur skeletons (D:15)
  2 minotaur zombies (Gauntlet)
  A hellion (Gauntlet)
  An orange demon (Lair:2)
  5 rime drakes
  12 komodo dragons
  A freezing wraith (D:15)
  An ice devil (Gauntlet)
  An efreet (D:15)
  2 tengu conjurers
  A hornet (D:10)
  2 trolls
  2 polar bears
  12 slime creatures
  6 dream sheep (Lair:2)
  3 blink frogs (Lair:5)
  A culicivora (shapeshifter) (D:15)
  6 flying skulls (Gauntlet)
  4 shadows
  A centaur simulacrum (D:15)
  2 vampires (D:12)
  36 yaks
  6 wyverns
  3 steam dragons
  7 basilisks
  9 vampire mosquitoes
  3 wargs (Orc:2)
  2 nagas
  6 acid dragons
  17 water moccasins
  2 hell hounds (Gauntlet)
  25 orc warriors
  3 sky beasts
  3 black bears
  3 hornet zombies (D:7)
  2 ice beasts (D:8)
  4 wolves (Lair:3)
  5 ogres
  20 centaurs
  A phantom (D:7)
  A kobold brigand (D:11)
  10 bullfrogs
  3 necrophages
  A cane toad simulacrum (Lair:1)
  3 scorpions
  16 wights
  4 killer bees (D:8)
  4 howler monkeys
  7 electric eels
  A bullfrog zombie (D:7)
  3 centaur zombies
  5 hounds
  2 jellies
  2 gnoll boudas
  14 orc priests
  6 iguanas
  23 orc wizards
  6 hell rats (Lair:1)
  4 killer bee zombies (D:7)
  5 adders
  16 gnolls
  A shadow imp (D:5)
  2 white imps
  2 ufetubi
  A worm (D:3)
  2 dart slugs
  77 orcs
  5 bats
  5 endoplasms
  A giant cockroach (D:4)
  11 goblins
  6 hobgoblins
  8 jackals
  10 kobolds
  2 quokkas
  6 ball pythons
  A frilled lizard (D:1)
  4 rats (D:2)
617 creatures vanquished.

Vanquished Creatures (others)
  19 fungi
  65 plants
84 creatures vanquished.

Grand Total: 701 creatures vanquished

Notes
Turn   | Place    | Note
-------+----------+-------------------------------------------
     0 | D:1      | qw the Gargoyle Fighter began the quest for the Orb.
     0 | D:1      | Reached XP level 1. HP: 14/14 MP: 1/1
     0 | D:1      | 0 ||| qw: Version: 0.1-a-119-g272c26d
     0 | D:1      | 0 ||| qw: Game counter: 11048
     0 | D:1      | 0 ||| qw: Always use a shield: true
     0 | D:1      | 0 ||| qw: God list: Okawaru
     0 | D:1      | 0 ||| qw: Allow faded altars: false
     0 | D:1      | 0 ||| qw: Do Orc after D:15 true
     0 | D:1      | 0 ||| qw: Do second Lair branch before Depths: true
     0 | D:1      | 0 ||| qw: Lair rune preference: random
     0 | D:1      | 0 ||| qw: Plans: Normal, Zot, God:TSO, Crypt, Tomb, Pan,
                  | Slime, Hells, Zig, Abyss, Orb
     0 | D:1      | 0 ||| PLANNING D:1-11
   107 | D:1      | Reached skill level 2 in Axes
   133 | D:1      | 133 ||| Stepping ~*~*~tactically~*~*~ (stealth).
   139 | D:1      | Reached XP level 2. HP: 19/19 MP: 2/2
   368 | D:1      | Reached skill level 3 in Axes
   368 | D:1      | Reached XP level 3. HP: 23/23 MP: 3/3
   389 | D:1      | 389 ||| Stepping ~*~*~tactically~*~*~ (hiding).
   405 | D:1      | 405 ||| DROPPING +0 club.
   705 | D:1      | 705 ||| UPGRADING to +2 cloak of stealth.
   710 | D:1      | 710 ||| UPGRADING to +0 chain mail.
   720 | D:1      | 720 ||| DROPPING +0 scale mail.
   721 | D:1      | 721 ||| READING 2 scrolls labelled BEKOASK WOELY.
   722 | D:1      | 722 ||| READING 2 scrolls labelled EXKEXZ ENWEI.
   870 | D:2      | Found a faded altar of an unknown god.
   872 | D:2      | 872 ||| Stepping ~*~*~tactically~*~*~ (stealth).
   874 | D:2      | 874 ||| Stepping ~*~*~tactically~*~*~ (stealth).
   875 | D:2      | 875 ||| Stepping ~*~*~tactically~*~*~ (stealth).
   890 | D:2      | Identified the +4 pair of gloves "Wiuhuhah" {+Blink rF+ rN+
                  | rCorr Int-5}
   892 | D:2      | Found an opulent altar of Gozag.
  1335 | D:2      | 1335 ||| UPGRADING to +4 pair of gloves "Wiuhuhah" {+Blink
                  | rF+ rN+ rCorr Int-5}.
  1340 | D:2      | 1340 ||| READING scroll labelled KYNUVAIPSOH.
  1341 | D:2      | 1341 ||| READING scroll labelled DOIVVU ETSIHE.
  1342 | D:2      | 1342 ||| DRINKING 3 clear potions.
  1343 | D:2      | 1343 ||| READING 2 scrolls of identify.
  1343 | D:2      | 1343 ||| IDENTIFYING puce potion
  1344 | D:2      | 1344 ||| DROPPING potion of brilliance.
  1397 | D:3      | Reached XP level 4. HP: 28/28 MP: 4/4
  1566 | D:3      | Reached skill level 4 in Axes
  2023 | D:3      | 2023 ||| UPGRADING to +0 plate armour.
  2033 | D:3      | 2033 ||| DROPPING +0 chain mail.
  2034 | D:3      | 2034 ||| UPGRADING to +2 helmet.
  2039 | D:3      | 2039 ||| READING scroll labelled TOEVVE OMMUU.
  2039 | D:3      | Identified a scroll of acquirement
  2039 | D:3      | 2039 ||| ACQUIRING 1119 gold pieces
  2039 | D:3      | Acquired 1119 gold pieces
  2041 | D:3      | 2041 ||| DRINKING 2 viscous amethyst potions.
  2041 | D:3      | Gained mutation: You passively map a small area around you.
                  | [potion of mutation]
  2042 | D:3      | 2042 ||| READING 2 scrolls of identify.
  2042 | D:3      | 2042 ||| IDENTIFYING pink potion
  2074 | D:4      | 2074 ||| STAIRDANCE
  2105 | D:4      | 2105 ||| STAIRDANCE
  2125 | D:4      | Reached XP level 5. HP: 20/32 MP: 5/5
  2386 | D:4      | Reached skill level 5 in Axes
  2547 | D:4      | Found a hazy altar of Hepliaklqana.
  2547 | D:4      | Found a broken altar of Ashenzari.
  2548 | D:4      | Found a burning altar of Makhleb.
  2627 | D:4      | Found an ancient bone altar of Kikubaaqudgha.
  2660 | D:4      | 2660 ||| Stepping ~*~*~tactically~*~*~ (stealth).
  2674 | D:4      | 2674 ||| Stepping ~*~*~tactically~*~*~ (stealth).
  2769 | D:4      | Found a staircase to the Ecumenical Temple.
  2770 | D:4      | 2770 ||| PLANNING TEMPLE
  2770 | D:4      | 2770 ||| READING scroll labelled XEAREUPNY UQABB.
  2771 | D:4      | 2771 ||| READING scroll labelled TACHUR LOSU.
  2772 | D:4      | 2772 ||| READING 2 scrolls of identify.
  2772 | D:4      | 2772 ||| IDENTIFYING coppery potion
  2776 | Temple   | Entered the Ecumenical Temple
  3090 | Temple   | 3090 ||| PLANNING D:1-11
  3280 | Temple   | Became a worshipper of Warmaster Okawaru
  3392 | D:4      | HP: 7/32 [orc priest/divine providence (9)]
  3393 | D:4      | 3393 ||| READING 3 scrolls of teleportation.
  3675 | D:4      | 3675 ||| Stepping ~*~*~tactically~*~*~ (stealth).
  3726 | D:4      | Reached XP level 6. HP: 38/38 MP: 6/6
  3998 | D:5      | Entered Level 5 of the Dungeon
  4035 | D:5      | 4035 ||| Stepping ~*~*~tactically~*~*~ (stealth).
  4038 | D:5      | 4038 ||| Stepping ~*~*~tactically~*~*~ (hiding).
  4104 | D:5      | Reached skill level 6 in Axes
  4106 | D:5      | HP: 7/38 [orc/+0 trident (5)]
  4107 | D:5      | 4107 ||| READING 2 scrolls of teleportation.
  4110 | D:5      | HP: 2/38 [orc/+0 trident (2)]
  4213 | D:5      | 4213 ||| Invisible monster not found???
  4426 | D:5      | Found a radiant altar of Vehumet.
  4621 | D:5      | 4621 ||| Stepping ~*~*~tactically~*~*~ (stealth).
  4622 | D:5      | 4622 ||| Stepping ~*~*~tactically~*~*~ (stealth).
  4627 | D:5      | Reached XP level 7. HP: 43/43 MP: 7/7
  4735 | D:5      | Reached * piety under Okawaru
  4872 | D:5      | 4872 ||| INVOKING Heroism.
  4981 | D:5      | 4981 ||| READING 2 scrolls of identify.
  4981 | D:5      | 4981 ||| IDENTIFYING sedimented clear potion
  5027 | D:6      | 5027 ||| INVOKING Heroism.
  5040 | D:6      | Reached skill level 7 in Axes
  5040 | D:6      | 5040 ||| STAIRDANCE
  5179 | D:6      | 5179 ||| Stepping ~*~*~tactically~*~*~ (hiding).
  5184 | D:6      | 5184 ||| INVOKING Heroism.
  5194 | D:6      | HP: 11/44 [orc priest/nerve-wracking pain (2)]
  5195 | D:6      | 5195 ||| READING scroll of teleportation.
  5196 | D:6      | 5196 ||| DRINKING potion of heal wounds.
  5210 | D:6      | Reached XP level 8. HP: 14/50 MP: 8/8
  5490 | D:6      | Found a glowing golden altar of the Shining One.
  5523 | D:6      | 5523 ||| INVOKING Heroism.
  5530 | D:6      | Reached skill level 1 in Invocations
  5538 | D:6      | 5538 ||| DRINKING 2 potions of curing.
  5538 | D:6      | 5538 ||| (to cure confusion)
  5663 | D:6      | Reached skill level 3 in Invocations
  5762 | D:6      | 5762 ||| Stepping ~*~*~tactically~*~*~ (stealth).
  5770 | D:6      | 5770 ||| Stepping ~*~*~tactically~*~*~ (stealth).
  5773 | D:6      | 5773 ||| Stepping ~*~*~tactically~*~*~ (stealth).
  5776 | D:6      | 5776 ||| Stepping ~*~*~tactically~*~*~ (stealth).
  5781 | D:6      | 5781 ||| INVOKING Heroism.
  5786 | D:6      | Reached skill level 1 in Dodging
  5830 | D:6      | Reached skill level 1 in Throwing
  5960 | D:6      | 5960 ||| READING scroll labelled XERUURYUQA.
  6057 | D:7      | Reached ** piety under Okawaru
  6139 | D:7      | 6139 ||| Stepping ~*~*~tactically~*~*~ (hiding).
  6269 | D:7      | 6269 ||| Stepping ~*~*~tactically~*~*~ (stealth).
  6271 | D:7      | 6271 ||| INVOKING Heroism.
  6272 | D:7      | 6272 ||| Stepping ~*~*~tactically~*~*~ (stealth).
  6283 | D:7      | Reached skill level 8 in Axes
  6283 | D:7      | Reached XP level 9. HP: 51/54 MP: 10/12
  6305 | D:7      | Reached skill level 6 in Fighting
  6314 | D:7      | 6314 ||| INVOKING Heroism.
  6446 | D:7      | 6446 ||| Stepping ~*~*~tactically~*~*~ (stealth).
  6456 | D:7      | Reached skill level 6 in Armour
  6509 | D:7      | 6509 ||| Stepping ~*~*~tactically~*~*~ (stealth).
  6547 | D:7      | 6547 ||| INVOKING Heroism.
  6564 | D:7      | Reached skill level 9 in Axes
  6569 | D:7      | HP: 13/55 [hornet zombie (8)]
  6570 | D:7      | 6570 ||| DRINKING 2 potions of heal wounds.
  6579 | D:7      | 6579 ||| INVOKING Heroism.
  6586 | D:7      | Reached *** piety under Okawaru
  6743 | D:7      | 6743 ||| DROPPING +0 flail.
  6988 | D:7      | Found a basalt altar of Yredelemnul.
  6988 | D:7      | Found a white marble altar of Elyvilon.
  6996 | D:7      | Found a bloodstained altar of Trog.
  6998 | D:7      | Found a faded altar of an unknown god.
  7000 | D:7      | Found a faded altar of an unknown god.
  7254 | D:7      | 7254 ||| DROPPING amulet of magic regeneration.
  7255 | D:7      | 7255 ||| READING 4 scrolls of identify.
  7255 | D:7      | 7255 ||| IDENTIFYING metallic dark potion
  7256 | D:7      | 7256 ||| READING 3 scrolls of identify.
  7256 | D:7      | 7256 ||| IDENTIFYING silvery potion
  7257 | D:7      | 7257 ||| READING 2 scrolls of identify.
  7257 | D:7      | 7257 ||| IDENTIFYING amethyst potion
  7258 | D:7      | 7258 ||| DROPPING potion of berserk rage.
  7259 | D:7      | 7259 ||| DROPPING potion of flight.
  7291 | D:8      | 7291 ||| STAIRDANCE
  7296 | D:8      | 7296 ||| STAIRDANCE
  7308 | D:8      | 7308 ||| Stepping ~*~*~tactically~*~*~ (hiding).
  7309 | D:8      | 7309 ||| Stepping ~*~*~tactically~*~*~ (hiding).
  7313 | D:8      | 7313 ||| INVOKING Heroism.
  7316 | D:8      | Reached XP level 10. HP: 63/63 MP: 10/13
  7332 | D:8      | Reached skill level 10 in Axes
  7413 | D:8      | 7413 ||| INVOKING Heroism.
  7608 | D:8      | 7608 ||| Stepping ~*~*~tactically~*~*~ (stealth).
  7816 | D:8      | 7816 ||| Stepping ~*~*~tactically~*~*~ (hiding).
  7820 | D:8      | 7820 ||| INVOKING Heroism.
  8026 | D:8      | 8026 ||| Stepping ~*~*~tactically~*~*~ (stealth).
  8027 | D:8      | 8027 ||| Stepping ~*~*~tactically~*~*~ (stealth).
  8028 | D:8      | 8028 ||| Stepping ~*~*~tactically~*~*~ (stealth).
  8029 | D:8      | 8029 ||| Stepping ~*~*~tactically~*~*~ (stealth).
  8030 | D:8      | 8030 ||| Stepping ~*~*~tactically~*~*~ (stealth).
  8031 | D:8      | 8031 ||| Stepping ~*~*~tactically~*~*~ (stealth).
  8033 | D:8      | 8033 ||| Stepping ~*~*~tactically~*~*~ (stealth).
  8034 | D:8      | 8034 ||| Stepping ~*~*~tactically~*~*~ (stealth).
  8035 | D:8      | 8035 ||| Stepping ~*~*~tactically~*~*~ (stealth).
  8036 | D:8      | 8036 ||| Stepping ~*~*~tactically~*~*~ (stealth).
  8038 | D:8      | 8038 ||| Stepping ~*~*~tactically~*~*~ (stealth).
  8039 | D:8      | 8039 ||| Stepping ~*~*~tactically~*~*~ (stealth).
  8156 | D:8      | 8156 ||| READING scroll labelled TOIXYI QURIPEO.
  8157 | D:8      | 8157 ||| READING scroll labelled GUK RUTSUXKIO.
  8202 | D:9      | 8202 ||| Stepping ~*~*~tactically~*~*~ (stealth).
  8203 | D:9      | 8203 ||| Stepping ~*~*~tactically~*~*~ (stealth).
  8204 | D:9      | 8204 ||| Stepping ~*~*~tactically~*~*~ (stealth).
  8205 | D:9      | 8205 ||| Stepping ~*~*~tactically~*~*~ (hiding).
  8207 | D:9      | 8207 ||| INVOKING Heroism.
  8210 | D:9      | 8210 ||| Stepping ~*~*~tactically~*~*~ (hiding).
  8211 | D:9      | 8211 ||| Stepping ~*~*~tactically~*~*~ (hiding).
  8230 | D:9      | 8230 ||| INVOKING Heroism.
  8338 | D:9      | 8338 ||| Stepping ~*~*~tactically~*~*~ (stealth).
  8385 | D:9      | 8385 ||| Stepping ~*~*~tactically~*~*~ (hiding).
  8388 | D:9      | 8388 ||| INVOKING Heroism.
  8409 | D:9      | 8409 ||| INVOKING Heroism.
  8470 | D:9      | 8470 ||| READING 2 scrolls of enchant armour.
  8470 | D:9      | 8470 ||| ENCHANTING +0 plate armour.
  8471 | D:9      | 8471 ||| READING scroll of enchant armour.
  8471 | D:9      | 8471 ||| ENCHANTING +1 plate armour.
  8501 | D:9      | 8501 ||| INVOKING Heroism.
  8536 | D:9      | Found a flagged portal.
  8839 | D:9      | 8839 ||| UPGRADING to +0 plate armour of cold resistance.
  8849 | D:9      | 8849 ||| READING scroll labelled KUIK RASYOFUJ.
  8850 | D:9      | 8850 ||| READING 2 scrolls of identify.
  8850 | D:9      | 8850 ||| IDENTIFYING black potion
  8851 | D:9      | 8851 ||| DROPPING potion of ambrosia.
  8855 | D:10     | Entered Level 10 of the Dungeon
  8981 | D:10     | 8981 ||| INVOKING Heroism.
  8994 | D:10     | Reached **** piety under Okawaru
  9147 | D:10     | 9147 ||| INVOKING Heroism.
  9223 | D:10     | 9223 ||| FLEEEEING.
  9224 | D:10     | 9224 ||| FLEEEEING.
  9225 | D:10     | 9225 ||| FLEEEEING.
  9226 | D:10     | 9226 ||| FLEEEEING.
  9228 | D:10     | 9228 ||| FLEEEEING.
  9229 | D:10     | 9229 ||| FLEEEEING.
  9230 | D:10     | 9230 ||| FLEEEEING.
  9231 | D:10     | 9231 ||| FLEEEEING.
  9232 | D:10     | 9232 ||| FLEEEEING.
  9233 | D:10     | 9233 ||| FLEEEEING.
  9234 | D:10     | 9234 ||| FLEEEEING.
  9235 | D:10     | 9235 ||| FLEEEEING.
  9236 | D:10     | 9236 ||| FLEEEEING.
  9237 | D:10     | 9237 ||| FLEEEEING.
  9238 | D:10     | 9238 ||| FLEEEEING.
  9239 | D:10     | 9239 ||| STAIRDANCE
  9296 | D:10     | 9296 ||| Stepping ~*~*~tactically~*~*~ (hiding).
  9541 | D:10     | 9541 ||| READING scroll of enchant weapon.
  9541 | D:10     | 9541 ||| ENCHANTING +1 war axe.
  9549 | D:10     | 9549 ||| INVOKING Heroism.
  9572 | D:10     | Reached skill level 11 in Axes
  9781 | D:10     | Noticed a two-headed ogre
  9782 | D:10     | 9782 ||| INVOKING Heroism.
  9792 | D:10     | Killed a two-headed ogre
  9987 | D:10     | 9987 ||| READING scroll labelled ZUOFRI BOWNO.
  9988 | D:10     | 9988 ||| READING 2 scrolls of identify.
  9988 | D:10     | 9988 ||| IDENTIFYING glowing green potion
 10018 | D:11     | Noticed a brown ugly thing
 10024 | D:11     | 10024 ||| STAIRDANCE
 10042 | D:10     | 10042 ||| INVOKING Heroism.
 10046 | D:10     | Killed a brown ugly thing
 10047 | D:10     | Reached XP level 11. HP: 45/69 MP: 11/14
 10160 | D:11     | 10160 ||| STAIRDANCE
 10170 | D:11     | 10170 ||| DRINKING potion of curing.
 10170 | D:11     | 10170 ||| (to cure confusion)
 10269 | D:11     | 10269 ||| READING scroll of enchant weapon.
 10269 | D:11     | 10269 ||| ENCHANTING +2 war axe.
 10386 | D:11     | Noticed a two-headed ogre
 10387 | D:11     | 10387 ||| INVOKING Heroism.
 10395 | D:11     | Killed a two-headed ogre
 10396 | D:11     | Reached skill level 9 in Fighting
 10402 | D:11     | Reached skill level 6 in Invocations
 10642 | D:11     | Noticed a two-headed ogre
 10643 | D:11     | Found a staircase to the Orcish Mines.
 10643 | D:11     | Found Lokucimoe's Weapon Emporium.
 10644 | D:11     | 10644 ||| INVOKING Heroism.
 10650 | D:11     | Noticed a seven-headed hydra
 10652 | D:11     | Killed a two-headed ogre
 10656 | D:11     | Reached ***** piety under Okawaru
 10657 | D:11     | 10657 ||| SWAPPING to +2 morningstar.
 10658 | D:11     | 10658 ||| INVOKING Finesse.
 10659 | D:11     | 10659 ||| INVOKING Finesse.
 10668 | D:11     | Killed a seven-headed hydra
 10669 | D:11     | 10669 ||| SWAPPING to +3 war axe.
 10688 | D:11     | 10688 ||| INVOKING Heroism.
 10710 | D:11     | 10710 ||| Stepping ~*~*~tactically~*~*~ (stealth).
 10712 | D:11     | 10712 ||| Stepping ~*~*~tactically~*~*~ (stealth).
 10715 | D:11     | 10715 ||| Stepping ~*~*~tactically~*~*~ (stealth).
 10733 | D:11     | 10733 ||| Stepping ~*~*~tactically~*~*~ (stealth).
 10734 | D:11     | 10734 ||| INVOKING Heroism.
 11117 | D:11     | 11117 ||| INVOKING Heroism.
 11162 | D:11     | 11162 ||| INVOKING Heroism.
 11298 | D:11     | Found a staircase to the Lair.
 11473 | D:11     | 11473 ||| PLANNING LAIR
 11603 | Lair:1   | Entered Level 1 of the Lair of Beasts
 11663 | Lair:1   | Noticed a seven-headed hydra
 11664 | Lair:1   | 11664 ||| INVOKING Heroism.
 11665 | Lair:1   | 11665 ||| INVOKING Finesse.
 11667 | Lair:1   | 11667 ||| SWAPPING to +2 morningstar.
 11675 | Lair:1   | Killed a seven-headed hydra
 11676 | Lair:1   | 11676 ||| Stepping ~*~*~tactically~*~*~ (stealth).
 11677 | Lair:1   | 11677 ||| SWAPPING to +3 war axe.
 11788 | Lair:1   | 11788 ||| Stepping ~*~*~tactically~*~*~ (stealth).
 11790 | Lair:1   | 11790 ||| Stepping ~*~*~tactically~*~*~ (stealth).
 11796 | Lair:1   | 11796 ||| Stepping ~*~*~tactically~*~*~ (stealth).
 11813 | Lair:1   | Reached skill level 12 in Axes
 11825 | Lair:1   | 11825 ||| INVOKING Heroism.
 12013 | Lair:1   | 12013 ||| INVOKING Heroism.
 12095 | Lair:1   | Reached XP level 12. HP: 76/76 MP: 18/18
 12104 | Lair:1   | 12104 ||| Stepping ~*~*~tactically~*~*~ (stealth).
 12106 | Lair:1   | Found a frozen archway.
 12112 | Lair:1   | 12112 ||| Stepping ~*~*~tactically~*~*~ (stealth).
 12118 | Lair:1   | 12118 ||| INVOKING Heroism.
 12152 | Lair:1   | Reached skill level 9 in Invocations
 12316 | Lair:1   | 12316 ||| INVOKING Heroism.
 12436 | Lair:1   | 12436 ||| INVOKING Heroism.
 12445 | Lair:1   | Reached skill level 9 in Armour
 12797 | Lair:1   | 12797 ||| INVOKING Heroism.
 12807 | Lair:1   | HP: 17/76 [komodo dragon (19)]
 12808 | Lair:1   | 12808 ||| READING 4 scrolls of teleportation.
 12809 | Lair:1   | 12809 ||| DRINKING 3 potions of heal wounds.
 12980 | Lair:1   | 12980 ||| INVOKING Heroism.
 13095 | Lair:1   | 13095 ||| INVOKING Heroism.
 13097 | Lair:1   | Identified the +0 cloak of Somewhere Else {*Corrode *Slow
                  | +Inv rN+++} (Okawaru gifted it to you on level 1 of the
                  | Lair of Beasts)
 13097 | Lair:1   | Received a gift from Okawaru
 13500 | Lair:1   | 13500 ||| DROPPING +0 cloak of Somewhere Else {*Corrode
                  | *Slow +Inv rN+++}.
 13501 | Lair:1   | 13501 ||| UPGRADING to ring of positive energy.
 13502 | Lair:1   | 13502 ||| READING 2 scrolls of identify.
 13502 | Lair:1   | 13502 ||| IDENTIFYING fizzy clear potion
 13646 | Lair:2   | 13646 ||| Stepping ~*~*~tactically~*~*~ (stealth).
 13647 | Lair:2   | 13647 ||| Stepping ~*~*~tactically~*~*~ (stealth).
 13652 | Lair:2   | 13652 ||| INVOKING Heroism.
 13657 | Lair:2   | Reached skill level 6 in Shields
 13838 | Lair:2   | Found a staircase to the Snake Pit.
 13839 | Lair:2   | 13839 ||| Stepping ~*~*~tactically~*~*~ (hiding).
 13843 | Lair:2   | 13843 ||| Stepping ~*~*~tactically~*~*~ (hiding).
 13845 | Lair:2   | 13845 ||| Stepping ~*~*~tactically~*~*~ (hiding).
 13853 | Lair:2   | 13853 ||| FLEEEEING.
 13854 | Lair:2   | 13854 ||| FLEEEEING.
 13859 | Lair:2   | 13859 ||| FLEEEEING.
 13860 | Lair:2   | 13860 ||| FLEEEEING.
 13861 | Lair:2   | 13861 ||| FLEEEEING.
 13862 | Lair:2   | 13862 ||| FLEEEEING.
 13863 | Lair:2   | 13863 ||| FLEEEEING.
 13864 | Lair:2   | 13864 ||| FLEEEEING.
 13865 | Lair:2   | 13865 ||| FLEEEEING.
 13866 | Lair:2   | 13866 ||| FLEEEEING.
 13867 | Lair:2   | 13867 ||| FLEEEEING.
 13868 | Lair:2   | 13868 ||| FLEEEEING.
 13869 | Lair:2   | 13869 ||| FLEEEEING.
 13870 | Lair:2   | 13870 ||| FLEEEEING.
 13871 | Lair:2   | 13871 ||| FLEEEEING.
 13948 | Lair:2   | 13948 ||| Stepping ~*~*~tactically~*~*~ (stealth).
 13957 | Lair:2   | 13957 ||| INVOKING Heroism.
 14129 | Lair:2   | Noticed Amaemon
 14130 | Lair:2   | 14130 ||| Stepping ~*~*~tactically~*~*~ (stealth).
 14130 | Lair:2   | Found a shimmering altar of Xom.
 14131 | Lair:2   | 14131 ||| Stepping ~*~*~tactically~*~*~ (stealth).
 14132 | Lair:2   | 14132 ||| Stepping ~*~*~tactically~*~*~ (stealth).
 14134 | Lair:2   | 14134 ||| INVOKING Heroism.
 14154 | Lair:2   | Killed Amaemon
 14259 | Lair:2   | 14259 ||| DROPPING +2 morningstar.
 14532 | Lair:2   | 14532 ||| INVOKING Heroism.
 14668 | Lair:2   | 14668 ||| READING 2 scrolls of identify.
 14668 | Lair:2   | 14668 ||| IDENTIFYING smoky blue potion
 14669 | Lair:2   | 14669 ||| DROPPING potion of degeneration.
 14691 | Lair:3   | Noticed Snorg
 14692 | Lair:3   | 14692 ||| INVOKING Heroism.
 14693 | Lair:3   | 14693 ||| INVOKING Finesse.
 14699 | Lair:3   | 14699 ||| Stepping ~*~*~tactically~*~*~ (stealth).
 14701 | Lair:3   | Noticed a five-headed hydra
 14708 | Lair:3   | 14708 ||| SWAPPING to +1 demon whip of venom.
 14712 | Lair:3   | 14712 ||| Stepping ~*~*~tactically~*~*~ (outnumbered).
 14712 | Lair:3   | Killed Snorg
 14713 | Lair:3   | 14713 ||| Stepping ~*~*~tactically~*~*~ (outnumbered).
 14714 | Lair:3   | 14714 ||| Stepping ~*~*~tactically~*~*~ (outnumbered).
 14715 | Lair:3   | 14715 ||| Stepping ~*~*~tactically~*~*~ (outnumbered).
 14716 | Lair:3   | 14716 ||| SWAPPING to +3 war axe.
 14721 | Lair:3   | Reached skill level 13 in Axes
 14721 | Lair:3   | 14721 ||| SWAPPING to +1 demon whip of venom.
 14740 | Lair:3   | Killed a five-headed hydra
 14741 | Lair:3   | 14741 ||| SWAPPING to +3 war axe.
 14757 | Lair:3   | Reached XP level 13. HP: 25/82 MP: 16/20
 15070 | Lair:3   | Identified the +4 shortbow of Okich {freeze, Fly rElec rN+}
 15126 | Lair:3   | 15126 ||| INVOKING Heroism.
 15169 | Lair:3   | 15169 ||| Stepping ~*~*~tactically~*~*~ (hiding).
 15214 | Lair:3   | Found a staircase to the Shoals.
 15256 | Lair:3   | Reached skill level 3 in Throwing
 15514 | Lair:3   | 15514 ||| UPGRADING to +0 pair of boots.
 15666 | Lair:4   | Received a gift from Okawaru
 15696 | Lair:4   | 15696 ||| SWAPPING to +1 broad axe of electrocution.
 15697 | Lair:4   | 15697 ||| DROPPING +3 war axe.
 15764 | Lair:4   | 15764 ||| Stepping ~*~*~tactically~*~*~ (stealth).
 15773 | Lair:4   | 15773 ||| INVOKING Heroism.
 15890 | Lair:4   | 15890 ||| INVOKING Heroism.
 15891 | Lair:4   | 15891 ||| INVOKING Finesse.
 15956 | Lair:4   | 15956 ||| INVOKING Heroism.
 16088 | Lair:4   | 16088 ||| INVOKING Heroism.
 16385 | Lair:4   | 16385 ||| UPGRADING to +1 pair of boots.
 16395 | Lair:4   | 16395 ||| DROPPING +0 pair of boots.
 16398 | Lair:5   | Entered Level 5 of the Lair of Beasts
 16399 | Lair:5   | 16399 ||| STAIRDANCE
 16401 | Lair:4   | 16401 ||| INVOKING Heroism.
 16416 | Lair:5   | 16416 ||| STAIRDANCE
 16422 | Lair:4   | Reached skill level 14 in Axes
 16427 | Lair:5   | 16427 ||| INVOKING Finesse.
 16466 | Lair:5   | 16466 ||| Stepping ~*~*~tactically~*~*~ (stealth).
 16498 | Lair:5   | 16498 ||| INVOKING Heroism.
 16499 | Lair:5   | 16499 ||| INVOKING Finesse.
 16500 | Lair:5   | 16500 ||| SWAPPING to +1 demon whip of venom.
 16511 | Lair:5   | Received a gift from Okawaru
 16512 | Lair:5   | 16512 ||| SWAPPING to +1 broad axe of electrocution.
 16638 | Lair:5   | Noticed Urug
 16639 | Lair:5   | 16639 ||| Stepping ~*~*~tactically~*~*~ (stealth).
 16642 | Lair:5   | 16642 ||| Stepping ~*~*~tactically~*~*~ (stealth).
 16644 | Lair:5   | 16644 ||| Stepping ~*~*~tactically~*~*~ (hiding).
 16647 | Lair:5   | 16647 ||| INVOKING Heroism.
 16648 | Lair:5   | 16648 ||| INVOKING Finesse.
 16656 | Lair:5   | Killed Urug
 16656 | Lair:5   | Received a gift from Okawaru
 16753 | Lair:5   | 16753 ||| Stepping ~*~*~tactically~*~*~ (stealth).
 16843 | Lair:5   | Found a staircase to the Slime Pits.
 16847 | Lair:5   | 16847 ||| INVOKING Heroism.
 16882 | Lair:5   | 16882 ||| INVOKING Heroism.
 16985 | Lair:5   | 16985 ||| INVOKING Heroism.
 17060 | Lair:5   | 17060 ||| INVOKING Heroism.
 17289 | Lair:5   | 17289 ||| Stepping ~*~*~tactically~*~*~ (stealth).
 17290 | Lair:5   | 17290 ||| Stepping ~*~*~tactically~*~*~ (stealth).
 17291 | Lair:5   | 17291 ||| Stepping ~*~*~tactically~*~*~ (stealth).
 17293 | Lair:5   | 17293 ||| Stepping ~*~*~tactically~*~*~ (hiding).
 17294 | Lair:5   | 17294 ||| Stepping ~*~*~tactically~*~*~ (hiding).
 17303 | Lair:5   | 17303 ||| INVOKING Heroism.
 17320 | Lair:5   | 17320 ||| Stepping ~*~*~tactically~*~*~ (hiding).
 17516 | Lair:5   | 17516 ||| INVOKING Heroism.
 17518 | Lair:5   | 17518 ||| Stepping ~*~*~tactically~*~*~ (stealth).
 17618 | Lair:5   | Noticed a fire dragon
 17619 | Lair:5   | 17619 ||| INVOKING Heroism.
 17621 | Lair:5   | 17621 ||| INVOKING Finesse.
 17632 | Lair:5   | Killed a fire dragon
 17632 | Lair:5   | Identified the +1 robe "Nugein" {rN+ Regen+ Str+9 Dex-4}
                  | (Okawaru gifted it to you on level 5 of the Lair of Beasts)
 17632 | Lair:5   | Received a gift from Okawaru
 17693 | Lair:5   | 17693 ||| Stepping ~*~*~tactically~*~*~ (stealth).
 17694 | Lair:5   | 17694 ||| Stepping ~*~*~tactically~*~*~ (stealth).
 17696 | Lair:5   | 17696 ||| INVOKING Heroism.
 17713 | Lair:5   | 17713 ||| Stepping ~*~*~tactically~*~*~ (hiding).
 17795 | Lair:5   | 17795 ||| PLANNING D
 17795 | Lair:5   | 17795 ||| READING 6 scrolls of identify.
 17795 | Lair:5   | 17795 ||| IDENTIFYING glowing coppery potion
 17961 | D:12     | 17961 ||| INVOKING Heroism.
 18009 | D:12     | 18009 ||| Stepping ~*~*~tactically~*~*~ (stealth).
 18106 | D:12     | Gained mutation: Your large and strong wings let you fly.
                  | [Gargoyle growth]
 18106 | D:12     | Reached XP level 14. HP: 90/90 MP: 21/21
 18116 | D:12     | 18116 ||| Stepping ~*~*~tactically~*~*~ (hiding).
 18242 | D:12     | 18242 ||| INVOKING Heroism.
 18243 | D:12     | 18243 ||| INVOKING Finesse.
 18246 | D:12     | 18246 ||| SWAPPING to +1 demon whip of venom.
 18252 | D:12     | 18252 ||| SWAPPING to +1 broad axe of electrocution.
 18276 | D:12     | 18276 ||| Stepping ~*~*~tactically~*~*~ (stealth).
 18277 | D:12     | 18277 ||| Stepping ~*~*~tactically~*~*~ (stealth).
 18279 | D:12     | 18279 ||| Stepping ~*~*~tactically~*~*~ (stealth).
 18289 | D:12     | 18289 ||| INVOKING Heroism.
 18293 | D:12     | 18293 ||| INVOKING Finesse.
 18873 | D:12     | 18873 ||| READING scroll labelled FEINGE SOAKLIT.
 18974 | D:12     | 18974 ||| READING 5 scrolls of identify.
 18974 | D:12     | 18974 ||| IDENTIFYING glowing orange potion
 18975 | D:12     | 18975 ||| DROPPING potion of invisibility.
 18980 | D:13     | Found Asihuhak's Magic Scroll Shoppe.
 18981 | D:13     | 18981 ||| PLANNING GAUNTLET
 18985 | D:13     | 18985 ||| BUYING scroll of brand weapon (152 gold).
 18985 | D:13     | Bought a scroll of brand weapon for 152 gold pieces
 18985 | D:13     | 18985 ||| BUYING scroll of enchant weapon (120 gold).
 18985 | D:13     | Bought a scroll of enchant weapon for 120 gold pieces
 18985 | D:13     | 18985 ||| BUYING scroll of identify (32 gold).
 18985 | D:13     | Bought a scroll of identify for 32 gold pieces
 18985 | D:13     | 18985 ||| BUYING scroll of identify (32 gold).
 18985 | D:13     | Bought a scroll of identify for 32 gold pieces
 18985 | D:13     | 18985 ||| BUYING scroll of identify (32 gold).
 18985 | D:13     | Bought a scroll of identify for 32 gold pieces
 18985 | D:13     | 18985 ||| BUYING scroll of identify (32 gold).
 18985 | D:13     | Bought a scroll of identify for 32 gold pieces
 18985 | D:13     | 18985 ||| BUYING scroll of identify (32 gold).
 18985 | D:13     | Bought a scroll of identify for 32 gold pieces
 18985 | D:13     | 18985 ||| READING scroll of brand weapon.
 18985 | D:13     | 18985 ||| BRANDING +1 broad axe of electrocution.
 18986 | D:13     | 18986 ||| READING scroll of enchant weapon.
 18986 | D:13     | 18986 ||| ENCHANTING +1 broad axe of chaos.
 19032 | D:13     | Found a gate leading to a gauntlet.
 19042 | Gauntlet | Entered a Gauntlet
 19042 | Gauntlet | Found a transporter.
 19042 | Gauntlet | Found a transporter.
 19048 | Gauntlet | Found a transporter.
 19061 | Gauntlet | Found a transporter.
 19076 | Gauntlet | Found a runed translucent door.
 19079 | Gauntlet | Found a transporter.
 19079 | Gauntlet | Found a transporter.
 19081 | Gauntlet | Found a transporter.
 19081 | Gauntlet | Found a transporter.
 19094 | Gauntlet | Found a transporter.
 19112 | Gauntlet | Found a transporter.
 19120 | Gauntlet | Found a runed translucent door.
 19122 | Gauntlet | Found a transporter.
 19124 | Gauntlet | Found a runed translucent door.
 19137 | Gauntlet | Found a transporter.
 19157 | Gauntlet | Found a transporter.
 19157 | Gauntlet | Found a transporter.
 19158 | Gauntlet | Found the +3 pair of seven-league boots {Rampage+∞}
 19205 | Gauntlet | 19205 ||| INVOKING Heroism.
 19217 | Gauntlet | Reached skill level 15 in Axes
 19295 | Gauntlet | 19295 ||| INVOKING Heroism.
 19318 | Gauntlet | 19318 ||| UPGRADING to +6 ring of strength.
 19340 | Gauntlet | 19340 ||| INVOKING Heroism.
 19346 | Gauntlet | HP: 20/90 [blizzard demon/bolt of lightning (8)]
 19347 | Gauntlet | 19347 ||| DRINKING 4 potions of heal wounds.
 19353 | Gauntlet | 19353 ||| Stepping ~*~*~tactically~*~*~ (cloud).
 19572 | Gauntlet | Identified the +0 pair of gloves "Zoar Joa" {rF+ rN+}
 19578 | Gauntlet | 19578 ||| DROPPING +0 pair of gloves "Zoar Joa" {rF+ rN+}.
 19579 | Gauntlet | 19579 ||| READING 2 scrolls labelled TOTOTS KIATUECK.
 19580 | Gauntlet | 19580 ||| DROPPING scroll of summoning.
 19591 | Gauntlet | Identified the amulet of Evadigg {Faith Harm rC++ Str+2
                  | Stlth+}
 19592 | Gauntlet | 19592 ||| INVOKING Heroism.
 19981 | D:13     | 19981 ||| PLANNING D
 20134 | D:13     | 20134 ||| Stepping ~*~*~tactically~*~*~ (hiding).
 20137 | D:13     | 20137 ||| INVOKING Heroism.
 20140 | D:13     | 20140 ||| SWAPPING to +1 demon whip of venom.
 20152 | D:13     | 20152 ||| SWAPPING to +2 broad axe of chaos.
 20257 | D:13     | 20257 ||| READING scroll of enchant weapon.
 20257 | D:13     | 20257 ||| ENCHANTING +2 broad axe of chaos.
 20331 | D:13     | 20331 ||| Stepping ~*~*~tactically~*~*~ (hiding).
 20342 | D:13     | Reached skill level 6 in Throwing
 20417 | D:13     | 20417 ||| Stepping ~*~*~tactically~*~*~ (stealth).
 20418 | D:13     | Noticed a deep elf annihilator
 20419 | D:13     | 20419 ||| INVOKING Heroism.
 20420 | D:13     | 20420 ||| SWAPPING to +1 demon whip of venom.
 20428 | D:13     | 20428 ||| SWAPPING to +3 broad axe of chaos.
 20431 | D:13     | Noticed Frances
 20439 | D:13     | Killed a deep elf annihilator
 20447 | D:13     | HP: 17/90 [Frances/iron shot (42)]
 20448 | D:13     | 20448 ||| READING 5 scrolls of teleportation.
 20449 | D:13     | 20449 ||| DRINKING 3 potions of heal wounds.
 20554 | D:13     | 20554 ||| Invisible monster not found???
 20658 | D:13     | 20658 ||| Stepping ~*~*~tactically~*~*~ (hiding).
 20690 | D:13     | 20690 ||| Stepping ~*~*~tactically~*~*~ (stealth).
 20692 | D:13     | 20692 ||| Stepping ~*~*~tactically~*~*~ (hiding).
 20696 | D:13     | 20696 ||| INVOKING Heroism.
 20714 | D:13     | Killed Frances
 21011 | D:13     | 21011 ||| DROPPING +1 hat of stealth.
 21012 | D:13     | 21012 ||| UPGRADING to +6 ring of dexterity.
 21014 | D:13     | 21014 ||| DROPPING ring of positive energy.
 21136 | D:14     | 21136 ||| Stepping ~*~*~tactically~*~*~ (stealth).
 21182 | D:14     | 21182 ||| Stepping ~*~*~tactically~*~*~ (hiding).
 21188 | D:14     | 21188 ||| INVOKING Heroism.
 21191 | D:14     | Reached skill level 3 in Dodging
 21191 | D:14     | 21191 ||| Stepping ~*~*~tactically~*~*~ (hiding).
 21251 | D:14     | 21251 ||| INVOKING Heroism.
 21268 | D:14     | Reached skill level 12 in Fighting
 21467 | D:14     | 21467 ||| INVOKING Heroism.
 21468 | D:14     | 21468 ||| INVOKING Finesse.
 21469 | D:14     | 21469 ||| SWAPPING to +1 demon whip of venom.
 21476 | D:14     | 21476 ||| SWAPPING to +3 broad axe of chaos.
 21631 | D:14     | Found a gate to the Vaults.
 21714 | D:14     | Noticed Agnes
 21715 | D:14     | 21715 ||| INVOKING Heroism.
 21716 | D:14     | 21716 ||| INVOKING Finesse.
 21721 | D:14     | Killed Agnes
 22029 | D:14     | 22029 ||| INVOKING Heroism.
 22135 | D:14     | 22135 ||| DROPPING amulet of guardian spirit.
 22136 | D:14     | 22136 ||| READING scroll labelled YCEOXZ XI MUN.
 22158 | D:15     | Entered Level 15 of the Dungeon
 22202 | D:15     | 22202 ||| Stepping ~*~*~tactically~*~*~ (stealth).
 22215 | D:15     | Reached XP level 15. HP: 88/96 MP: 22/22
 22264 | D:15     | 22264 ||| INVOKING Heroism.
 22274 | D:15     | Received a gift from Okawaru
 22276 | D:15     | Reached skill level 16 in Axes
 22383 | D:15     | 22383 ||| INVOKING Heroism.
 22572 | D:15     | 22572 ||| INVOKING Heroism.
 22606 | D:15     | Reached skill level 12 in Armour
 22804 | D:15     | 22804 ||| INVOKING Heroism.
 22808 | D:15     | 22808 ||| Stepping ~*~*~tactically~*~*~ (stealth).
 22809 | D:15     | 22809 ||| Stepping ~*~*~tactically~*~*~ (stealth).
 22877 | D:15     | 22877 ||| INVOKING Heroism.
 22896 | D:15     | Received a gift from Okawaru
 23149 | D:15     | 23149 ||| INVOKING Heroism.
 23435 | D:15     | 23435 ||| Stepping ~*~*~tactically~*~*~ (hiding).
 23436 | D:15     | 23436 ||| INVOKING Heroism.
 23437 | D:15     | Received a gift from Okawaru
 23484 | D:15     | Found a staircase to the Depths.
 23485 | D:15     | 23485 ||| INVOKING Heroism.
 23512 | D:15     | Identified the +0 swamp dragon scales of Marbles {Harm
                  | Rampage rPois rC- Dex-3} (Okawaru gifted it to you on level
                  | 15 of the Dungeon)
 23512 | D:15     | Received a gift from Okawaru
 23714 | D:15     | 23714 ||| Stepping ~*~*~tactically~*~*~ (stealth).
 23718 | D:15     | 23718 ||| Stepping ~*~*~tactically~*~*~ (stealth).
 23719 | D:15     | 23719 ||| Stepping ~*~*~tactically~*~*~ (stealth).
 23720 | D:15     | 23720 ||| INVOKING Heroism.
 23814 | D:15     | 23814 ||| PLANNING ORC
 23814 | D:15     | 23814 ||| UPGRADING to +0 tower shield.
 23824 | D:15     | 23824 ||| DROPPING +0 buckler.
 23825 | D:15     | 23825 ||| DROPPING ring of magical power.
 23964 | Orc:1    | Entered Level 1 of the Orcish Mines
 23965 | Orc:1    | 23965 ||| Stepping ~*~*~tactically~*~*~ (hiding).
 23966 | Orc:1    | 23966 ||| INVOKING Heroism.
 23968 | Orc:1    | 23968 ||| Stepping ~*~*~tactically~*~*~ (hiding).
 24134 | Orc:2    | Entered Level 2 of the Orcish Mines
 24134 | Orc:2    | Found a staircase to the Elven Halls.
 24139 | Orc:2    | 24139 ||| INVOKING Heroism.
 24210 | Orc:2    | 24210 ||| INVOKING Heroism.
 24243 | Orc:2    | Found Comaukei's Magic Scroll Shoppe.
 24251 | Orc:2    | Noticed an orc warlord
 24252 | Orc:2    | 24252 ||| INVOKING Heroism.
 24253 | Orc:2    | 24253 ||| INVOKING Finesse.
 24255 | Orc:2    | 24255 ||| BUYING scroll of acquirement (624 gold).
 24255 | Orc:2    | Bought a scroll of acquirement for 624 gold pieces
 24270 | Orc:2    | Killed an orc warlord
 24288 | Orc:2    | Reached skill level 9 in Shields
 24435 | Orc:2    | 24435 ||| READING scroll of acquirement.
 24435 | Orc:2    | 24435 ||| ACQUIRING -2 buckler of Sunlight {+Inv rN+ rCorr
                  | Int-4}
 24435 | Orc:2    | Acquired the -2 buckler of Sunlight {+Inv rN+ rCorr Int-4}
 24623 | Orc:2    | 24623 ||| Stepping ~*~*~tactically~*~*~ (hiding).
 24625 | Orc:2    | 24625 ||| INVOKING Heroism.
 24637 | Orc:2    | 24637 ||| Stepping ~*~*~tactically~*~*~ (hiding).
 24644 | Orc:2    | Found Ewkegih's Armour Shop.
 24651 | Orc:2    | 24651 ||| INVOKING Heroism.
 24659 | Orc:2    | HP: 20/96 [orc warrior/+1 glaive of venom (13)]
 24660 | Orc:2    | 24660 ||| READING 5 scrolls of teleportation.
 24661 | Orc:2    | 24661 ||| DRINKING 2 potions of heal wounds.
 24663 | Orc:2    | 24663 ||| DRINKING potion of heal wounds.
 24766 | Orc:2    | 24766 ||| Invisible monster not found???
 24867 | Orc:2    | 24867 ||| INVOKING Heroism.
 24921 | Orc:2    | 24921 ||| INVOKING Heroism.
 24941 | Orc:2    | HP: 21/96 [orc priest/divine providence (13)]
 24942 | Orc:2    | 24942 ||| READING 4 scrolls of teleportation.
 25048 | Orc:2    | 25048 ||| Invisible monster not found???
 25328 | Orc:2    | 25328 ||| Stepping ~*~*~tactically~*~*~ (stealth).
 25337 | Orc:2    | Found Sajun's Magic Scroll Emporium.
 25341 | Orc:2    | 25341 ||| BUYING +1 chain mail "Unok" {rCorr} (375 gold).
 25341 | Orc:2    | Bought the +1 chain mail "Unok" {rCorr} for 375 gold pieces
 25344 | Orc:2    | 25344 ||| BUYING scroll of teleportation (42 gold).
 25344 | Orc:2    | Bought a scroll of teleportation for 42 gold pieces
 25344 | Orc:2    | 25344 ||| BUYING scroll of teleportation (42 gold).
 25344 | Orc:2    | Bought a scroll of teleportation for 42 gold pieces
 25344 | Orc:2    | 25344 ||| BUYING scroll of teleportation (42 gold).
 25344 | Orc:2    | Bought a scroll of teleportation for 42 gold pieces
 25344 | Orc:2    | 25344 ||| BUYING scroll of teleportation (42 gold).
 25344 | Orc:2    | Bought a scroll of teleportation for 42 gold pieces
 25344 | Orc:2    | Found Viheeshri's Antique Weapon Emporium.
 25346 | Orc:2    | Found Xoawk's Armour Shop.
 25394 | Orc:2    | 25394 ||| Stepping ~*~*~tactically~*~*~ (stealth).
 25420 | Orc:2    | 25420 ||| DROPPING +0 acid dragon scales.
 25441 | Orc:1    | 25441 ||| INVOKING Heroism.
 25456 | Orc:1    | 25456 ||| Stepping ~*~*~tactically~*~*~ (stealth).
 25574 | Orc:1    | 25574 ||| Stepping ~*~*~tactically~*~*~ (hiding).
 25575 | Orc:1    | 25575 ||| Stepping ~*~*~tactically~*~*~ (hiding).
 25580 | Orc:1    | 25580 ||| Stepping ~*~*~tactically~*~*~ (stealth).
 25585 | Orc:1    | 25585 ||| Stepping ~*~*~tactically~*~*~ (stealth).
 25611 | Orc:1    | 25611 ||| Stepping ~*~*~tactically~*~*~ (hiding).
 25612 | Orc:1    | 25612 ||| INVOKING Heroism.
 25705 | Orc:1    | 25705 ||| Stepping ~*~*~tactically~*~*~ (stealth).
 25709 | Orc:1    | 25709 ||| INVOKING Heroism.
 25712 | Orc:1    | 25712 ||| Stepping ~*~*~tactically~*~*~ (hiding).
 25713 | Orc:1    | 25713 ||| Stepping ~*~*~tactically~*~*~ (hiding).
 25895 | Orc:1    | Found Nejic's Magic Scroll Shoppe.
 25896 | Orc:1    | 25896 ||| Stepping ~*~*~tactically~*~*~ (hiding).
 25899 | Orc:1    | 25899 ||| Stepping ~*~*~tactically~*~*~ (hiding).
 25903 | Orc:1    | 25903 ||| INVOKING Heroism.
 25954 | Orc:1    | 25954 ||| BUYING scroll of teleportation (42 gold).
 25954 | Orc:1    | Bought a scroll of teleportation for 42 gold pieces
 25954 | Orc:1    | 25954 ||| BUYING scroll of teleportation (42 gold).
 25954 | Orc:1    | Bought a scroll of teleportation for 42 gold pieces
 25954 | Orc:1    | 25954 ||| BUYING scroll of teleportation (42 gold).
 25954 | Orc:1    | Bought a scroll of teleportation for 42 gold pieces
 25972 | Orc:1    | 25972 ||| PLANNING SNAKE:1-3
 26140 | Snake:1  | Entered Level 1 of the Snake Pit
 26219 | Snake:1  | 26219 ||| Stepping ~*~*~tactically~*~*~ (stealth).
 26228 | Snake:1  | 26228 ||| Stepping ~*~*~tactically~*~*~ (stealth).
 26285 | Snake:1  | 26285 ||| Stepping ~*~*~tactically~*~*~ (hiding).
 26404 | Snake:1  | 26404 ||| INVOKING Heroism.
 26417 | Snake:1  | Reached XP level 16. HP: 80/101 MP: 23/23
 26550 | Snake:1  | 26550 ||| Stepping ~*~*~tactically~*~*~ (hiding).
 26551 | Snake:1  | 26551 ||| Stepping ~*~*~tactically~*~*~ (hiding).
 26558 | Snake:1  | 26558 ||| INVOKING Heroism.
 26567 | Snake:1  | HP: 22/101 [something (9)]
 26567 | Snake:1  | HP: 5/101 [naga warrior/+0 flail of holy wrath (17)]
 26568 | Snake:1  | 26568 ||| READING 10 scrolls of teleportation.
 26568 | Snake:1  | Demolished by a naga warrior

Levels and vault maps discovered:
D:1:      elethiomel_arrival_shortcut, layout_rooms
D:2:      layout_rooms, ebering_ecumenical_altar_abandoned, basic_altar
D:3:      wander_river, layout_basic, chequers_mini_garden, minivault_11
D:4:      layout_basic, mainiacjoe_overflow_24_doors,
          chequers_temple_overflow_statue_of_worship, minmay_temple_entry_trees,
          minmay_misc_feat_tiny, minivault_24
D:5:      layout_basic, vehumet_crystals, minmay_misc_feat_rugged
D:6:      layout_basic, nicolae_tso_swordbearing_angel, minmay_misc_feat_alley
D:7:      layout_cave_pools, chequers_temple_overflow_minitemple, serial_undead,
          serial_undead_e, serial_undead_a, serial_undead_d, serial_undead_f,
          serial_undead_d, serial_undead_c
D:8:      layout_loops_ring
D:9:      layout_cave_pools, enter_bailey_6
D:10:     layout_loops_ring, serial_bayou_ford_a, kennysheep_minor_cross
D:11:     layout_roguey, erik_lair_dragon, orc_david_3
D:12:     layout_cave_pools
D:13:     cheibrodos_wizards_tower, layout_rooms, gauntlet_entry_generic,
          serial_shops, nicolae_shop_hallway_stairs, uniq_frances
D:14:     layout_irregular_city, erik_vaults_1, kennysheep_boxes, uniq_agnes
D:15:     grunt_enter_depths_magical_seal, layout_long_grid, serial_park_square1
          [serial_park_minivault_5x5_3]
Temple:   compressed_dpeg_triangle_lava_temple
Lair:1:   layout_gridlike, serial_bayou, serial_bayou_lake_a,
          serial_bayou_pond_c, serial_bayou_pond_c, serial_bayou_pond_d,
          portal_ice_cave_entry_ice_simulacra
Lair:2:   layout_long_grid, guppyfry_snake_entry_island, basic_altar,
          lemuel_old_faithful, grunt_megastairs_3, serial_bayou_shore_a,
          lemuel_fruit_fields, serial_bayou_shore_b, infiniplex_staircase_pool,
          serial_bayou_shore_b, uniq_amaemon
Lair:3:   layout_big_grid, shoals_dummy_entry, grunt_megastairs_1, uniq_snorg
Lair:4:   layout_hall_layers, grunt_megastairs_4
Lair:5:   wormcave, layout_loops_ring, guppyfry_lair_end_dragon, slime_entry_1,
          uniq_urug
Snake:1:  layout_chambers, nicolae_integral_box
Orc:1:    layout_diamond_mine, serial_shops, nicolae_shop_stone
Orc:2:    st_orc_elflike, layout_diamond_mine, serial_shops, shop_fountains

Skill      XL: |  1  2  3  4  5  6  7  8  9 10 11 12 13 14 15 |
---------------+----------------------------------------------+-----
Axes           | 2 3 4 5 6 7 8 9 11 12 13 14 15 16 | 16.7
Fighting       | 4 5 7 8 9 10 11 12 | 12.0
Armour         | 4 5 6 8 10 11 12 | 12.0
Invocations    | 4 8 10 | 10.0
Dodging        | 1 2 4 |  4.0
Throwing       | 1 4 6 7 |  7.0
Shields        | 4 5 6 7 11 | 11.3

Action                   |  1- 3 |  4- 6 |  7- 9 | 10-12 | 13-15 | 16-18 || total
-------------------------+-------+-------+-------+-------+-------+-------++-------
Melee: War axe           |   110 |   144 |   323 |   658 |    59 |       ||  1294
       Morningstar       |       |       |       |    16 |       |       ||    16
       Demon whip        |       |       |       |    22 |    34 |       ||    56
       Broad axe         |       |       |       |       |   965 |    12 ||   977
Throw: Boomerang         |       |       |    34 |    24 |       |       ||    58
       Javelin           |       |       |       |     9 |   102 |       ||   111
Invok: Heroism           |       |       |    10 |    32 |    53 |     1 ||    96
       Finesse           |       |       |       |     3 |    10 |       ||    13
  Use: Scroll            |     5 |     7 |     6 |    13 |    12 |     1 ||    44
       Potion            |     1 |     1 |     3 |     2 |     4 |       ||    11
 Stab: Confused          |       |       |       |       |     4 |       ||     4
       Paralysed         |       |       |       |       |     2 |       ||     2
       Petrifying        |       |       |       |       |     2 |       ||     2
Armor: Scale mail        |    21 |       |       |       |       |       ||    21
       Chain mail        |    38 |    19 |       |       |       |       ||    57
       Plate armour      |       |   148 |   326 |   458 |   646 |     5 ||  1583
Dodge: Dodged            |    37 |    50 |   151 |   199 |   290 |     5 ||   732
Block: Buckler           |    16 |    31 |    93 |   126 |   210 |       ||   476
       Tower shield      |       |       |       |       |   154 |    13 ||   167

Table legend:
 A = Non-vault XP
 B = Vault XP
 C = Vault XP percentage of total XP
 D = Non-vault monster count
 E = Vault monster count
 F = Vault count percentage of total count
                 A         B        C        D         E       F
            +---------+---------+-------+---------+---------+-------
      Total |   88753 |   41025 |  31.6 |     490 |     127 |  20.6
            +---------+---------+-------+---------+---------+-------
        D:1 |      47 |       0 |   0.0 |      20 |       0 |   0.0
        D:2 |      26 |       0 |   0.0 |      17 |       0 |   0.0
        D:3 |      83 |       0 |   0.0 |      13 |       0 |   0.0
        D:4 |     170 |       0 |   0.0 |      25 |       0 |   0.0
        D:5 |     500 |       0 |   0.0 |      25 |       0 |   0.0
        D:6 |    1050 |       0 |   0.0 |      26 |       0 |   0.0
        D:7 |    1170 |    1593 |  57.7 |      17 |      23 |  57.5
        D:8 |    1443 |       0 |   0.0 |      21 |       0 |   0.0
        D:9 |    1183 |       0 |   0.0 |      20 |       0 |   0.0
       D:10 |    2400 |       0 |   0.0 |      11 |       0 |   0.0
       D:11 |    4202 |    1595 |  27.5 |      21 |       8 |  27.6
       D:12 |    3985 |       0 |   0.0 |      12 |       0 |   0.0
       D:13 |    4001 |    3689 |  48.0 |       7 |       4 |  36.4
       D:14 |   11591 |    3160 |  21.4 |      28 |       3 |   9.7
       D:15 |   19245 |    7091 |  26.9 |      39 |      14 |  26.4
     Lair:1 |    6076 |      79 |   1.3 |      33 |       1 |   2.9
     Lair:2 |    4495 |    2550 |  36.2 |      21 |       8 |  27.6
     Lair:3 |    3495 |    2133 |  37.9 |      14 |       7 |  33.3
     Lair:4 |    6081 |     825 |  11.9 |      19 |       4 |  17.4
     Lair:5 |    7152 |    5053 |  41.4 |      24 |      15 |  38.5
    Snake:1 |    3128 |       0 |   0.0 |       6 |       0 |   0.0
      Orc:1 |    2479 |       0 |   0.0 |      28 |       0 |   0.0
      Orc:2 |    4751 |    8128 |  63.1 |      43 |      25 |  36.8
   Gauntlet |       0 |    5129 | 100.0 |       0 |      15 | 100.0
            +---------+---------+-------+---------+---------+-------
